 Dungeon Crawl Stone Soup version 0.32-a0-128-g77eb882913 (webtiles) character file.

Game seed: 17350868105492337056

4732 zeratav the Placeless Oni (level 10, -1/107 HPs)
             Began as an Oni Warper on Feb 7, 2024.
             Was an Initiate of the Shining One.
             Slain by a wolf (10 damage)
             ... led by Grum
             ... on level 9 of the Dungeon.
             The game lasted 00:22:45 (12664 turns).

zeratav the Placeless Oni (Oni Warper)             Turns: 12664, Time: 00:22:46

Health: -1/107     AC:  3    Str: 21    XL:     10   Next: 46%
Magic:  2/13       EV: 11    Int: 14    God:    the Shining One [......]
Gold:   411        SH:  0    Dex: 14    Spells: 7/13 levels left

rFire   . . .        C - +0 flail {mace}
rCold   . . .        (no shield)
rNeg    . . .        b - +0 robe
rPois   +            (helmet restricted)
rElec   .            u - scarf {repulsion}
rCorr   .            (gloves unavailable)
SInv    .            (boots unavailable)
Will    +....        (no amulet)
Stlth   +            f - +6 ring of dexterity
HPRegen 0.37/turn    E - ring of poison resistance
MPRegen 0.13/turn

%: repel missiles
@: glowing
A: large, unfitting armour, horns 1, tough skin 1, double potion healing,
drunken brawling
a: Renounce Religion


You were on level 9 of the Dungeon.
You worshipped the Shining One.
The Shining One was noncommittal.
You visited 2 branches of the dungeon, and saw 10 of its levels.

You collected 460 gold pieces.
You spent 49 gold pieces at shops.


Innate Abilities, Weirdness & Mutations

You are too large for most types of armour.
You have a pair of small horns on your head.
You have tough skin. (AC +1)
You gain doubled healing and magic from potions.
Whenever you drink a healing potion, you attack all around you.


   Skills:
 + Level 9.0 Fighting
 + Level 6.7 Maces & Flails
 - Level 1.0 Throwing
 + Level 3.4 Dodging
 - Level 2.4 Spellcasting
 - Level 11.0 Translocations


You had 7 spell levels left.
You knew the following spells:

 Your Spells              Type           Power      Damage    Failure   Level
a - Blink                 Tloc           64%        N/A       1%          2
b - Manifold Assault      Tloc           32%        N/A       2%          4

Your spell library contained the following spells:

 Spells                   Type           Power      Damage    Failure   Level
 Lesser Beckoning         Tloc           64%        N/A       1%          2
 Teleport Other           Tloc           32%        N/A       1%          3
 Sting                    Conj/Alch      4%         1d3       22%         1
 Vhi's Electric Charge    Tloc/Air       34%        N/A       24%         4
 Ensorcelled Hibernation  Hex/Ice        2%         N/A       34%         2
 Jinxbite                 Hex            2%         N/A       34%         2
 Mercury Vapours          Alch/Air       2%         N/A       34%         2
 Ozocubu's Armour         Ice            1%         N/A       56%         3
 Passwall                 Erth           1%         N/A       56%         3
 Swiftness                Air            1%         N/A       56%         3
 Olgreb's Toxic Radiance  Alch           1%         N/A       92%         4
 Metabolic Englaciation   Hex/Ice        0%         N/A       99%         5
 Yara's Violent Unravell  Hex/Alch       0%         3d3       99%         5
 Sculpt Simulacrum        Ice/Alch       0%         N/A       100%        6
 Enfeeble                 Hex            0%         N/A       100%        7
 Malign Gateway           Summ/Tloc      8%         N/A       100%        7
 Summon Horrible Things   Summ           0%         N/A       100%        8

Inventory:

Hand Weapons
 a - a +0 mace {mace}
 g - a +2 whip of venom {mace}
   (You took it off a kobold on level 1 of the Dungeon)
 p - a +1 whip of freezing {mace}
   (You took it off Pikel on level 4 of the Dungeon)
 C - a +0 flail (weapon) {mace}
   (You took it off an orc on level 4 of the Dungeon)
 D - a +0 giant spiked club {mace}
   (You took it off an ogre on level 4 of the Dungeon)
 M - a +0 giant club {mace}
   (You took it off an ogre on level 6 of the Dungeon)
 V - a +1 mace of protection {mace}
   (You found it on level 8 of the Dungeon)
Missiles
 d - 6 darts of dispersal {=fthrowing}
 h - 6 boomerangs {throwing}
 i - 102 stones {throwing}
 r - 4 javelins {throwing}
 G - 12 poisoned darts (quivered) {throwing}
 P - 2 throwing nets {=fthrowing}
 Q - a curare-tipped dart {=fthrowing}
Armour
 b - a +0 robe (worn)
 k - a +0 kite shield
   (You took it off a hobgoblin on level 1 of the Dungeon)
 s - a +0 cloak
   (You bought it in a shop on level 2 of the Dungeon)
 u - a scarf of repulsion (worn)
   (You found it on level 2 of the Dungeon)
 W - a +1 hat
   (You found it on level 8 of the Dungeon)
Jewellery
 f - a +6 ring of dexterity (left hand)
   (You found it on level 1 of the Dungeon)
 w - a ring of resist corrosion
   (You found it on level 3 of the Dungeon)
 E - a ring of poison resistance (right hand)
   (You found it on level 4 of the Dungeon)
Wands
 B - a wand of acid (18)
   (You found it on level 4 of the Dungeon)
 H - a wand of flame (32)
   (You found it on level 5 of the Dungeon)
 L - a wand of charming (20)
   (You found it on level 6 of the Dungeon)
Scrolls
 m - a scroll of torment {!r}
 t - 2 scrolls of enchant weapon
 v - 3 scrolls of vulnerability {unknown}
 y - 2 scrolls of brand weapon {unknown}
 z - a scroll of noise {unknown}
 A - 2 scrolls of fear {unknown}
 K - 2 scrolls of fog {unknown}
 O - a scroll of teleportation {unknown}
 R - 2 scrolls of identify {@r1}
 T - a scroll of poison {unknown}
Potions
 c - 3 potions of might {unknown}
 j - 6 potions of attraction {!q}
 l - 3 potions of curing {unknown}
 n - a potion of brilliance {unknown}
 o - a potion of heal wounds {unknown}
 q - a potion of lignification {unknown}
 x - a potion of resistance {unknown}
 F - a potion of ambrosia {unknown}
 I - a potion of cancellation {unknown}
 J - a potion of degeneration {unknown}
 N - 2 potions of haste {unknown}
 S - 2 potions of magic {unknown}
 U - a potion of berserk rage {unknown}

Dungeon Overview and Level Annotations

Branches:
Dungeon (9/15) Zot: 26942  Temple (1/1) D:7 Zot: 5987
   Lair: D:8-11         Orc: D:9-12

Altars:
Ashenzari
Cheibriados
Dithmenos
Elyvilon
Fedhas
Gozag
Hepliaklqana
Kikubaaqudgha
Makhleb
Qazlal
Ru
Sif Muna
Trog
Uskayaw
Wu Jian
Xom
Yredelemnul
Zin
The Shining One

Shops:
D:2 [

Annotations:
D:5 3 runed translucent doors, PriceMaster's ghost, amateur OpFE
D:6 5 runed translucent doors, pokeman's ghost, novice DEHW
D:7 exclusion: 2 downstairs
D:9 Grum

####### #.........#
...^..# #..§......#
......# #...bPb...+
......# #.§bPb§b..#
......### #.§..bbbb.#
......'.# #....P.b..#
......#.###..b.b....#
####'##...'...bb@b..#
##..######....bh...#
##..## #####h#####
...## ##g.gh# ####
#..#### ##### #'##
....# #.. <...# #..
....+ +..


You could see Grum and 3 wolves.


Message History

You now have 411 gold pieces (gained 18).
You open the door.
There is an open door here.
You open the door.
There is an open door here.
You open the door.
There is an open door here.
You open the door.
There is an open door here.
As you open the door, it creaks loudly!
There is an open door here.
You open the door.
Grum and a wolf come into view.
Grum growls angrily.
The wolf howls!
Grum barely misses you.
Casting: Manifold Assault (mildly dangerous; 2% risk of failure)
Confirm with . or Enter, or press ? or * to list all spells.
Space momentarily warps into an impossible shape!
You hit the wolf. You closely miss Grum.
You hear a howl!
A wolf comes into view.
Grum hits you from afar with a -2 spear!
You hear a howl!
HP[-11] MP[-4]
You take 11 damage, and now have 96/107 hp.
You lost 4 mp, and now have 9/13 mp.
You hit the wolf. The wolf misses you. Grum barely misses you.
The wolf bites you.
HP[-5]
You take 5 damage, and now have 91/107 hp.
You barely miss the wolf. You headbutt the wolf.
Grum hits you from afar with a -2 spear!
HP[-12]
You take 12 damage, and now have 79/107 hp.
The wolf attacks as it pursues you! The wolf misses you. The wolf bites you!
HP[-8]
You take 8 damage, and now have 71/107 hp.
The wolf attacks as it pursues you! The wolf misses you. The wolf bites you!
A wolf comes into view.
HP[-6]
You take 6 damage, and now have 65/107 hp.
The wolf howls!
You hit the wolf. The wolf bites you!
Grum hits you from afar with a -2 spear!
* * * LOW HITPOINT WARNING * * *
The wolf bites you.
* * * LOW HITPOINT WARNING * * *
HP[-22]
You take 22 damage, and now have 43/107 hp.
MASSIVE DAMAGE!! (PAUSE)
Casting: Manifold Assault (mildly dangerous; 2% risk of failure)
Confirm with . or Enter, or press ? or * to list all spells.
Space momentarily warps into an impossible shape!
You hit the wolf. You miss the wolf. You closely miss the wolf.
The wolf barely misses you. Grum barely misses you. The wolf bites you!
* * * LOW HITPOINT WARNING * * *
HP[-7] MP[-4]
You take 7 damage, and now have 36/107 hp.
You lost 4 mp, and now have 5/13 mp.
Casting: Manifold Assault (mildly dangerous; 2% risk of failure)
Confirm with . or Enter, or press ? or * to list all spells.
Space momentarily warps into an impossible shape!
You sock the wolf! You closely miss Grum. You closely miss the wolf.
The wolf bites you.
* * * LOW HITPOINT WARNING * * *
Grum closely misses you.
HP[-4] MP[-3]
You take 4 damage, and now have 32/107 hp.
You lost 3 mp, and now have 2/13 mp.
You hit the wolf but do no damage. Your headbutt misses the wolf.
The wolf bites you but does no damage.
Grum hits you from afar with a -2 spear!
* * * LOW HITPOINT WARNING * * *
The wolf barely misses you.
HP[-10]
You take 10 damage, and now have 22/107 hp.
As you read the scroll of butterflies, it crumbles to dust.
You hear the flapping of tiny wings.
The wolf is knocked back by the sudden gust.
Grum is knocked back by the sudden gust.
The wolf is knocked back by the sudden gust.
The wolf misses your butterfly. The wolf bites you!
* * * LOW HITPOINT WARNING * * *
The wolf closely misses your butterfly.
Grum hits your butterfly with a -2 spear!
Your butterfly dies!
Your butterfly disappears in a burst of colours!
HP[-6]
You take 6 damage, and now have 16/107 hp.
You swap places.
The wolf barely misses your butterfly. The wolf bites you.
* * * LOW HITPOINT WARNING * * *
There is an open door here.
HP[-2]
You take 2 damage, and now have 14/107 hp.
You swap places.
The wolf bites you.
* * * LOW HITPOINT WARNING * * *
The wolf completely misses your butterfly.
The wolf bites you!
You die...

Skill      XL: |  1  2  3  4  5  6  7  8  9 10 |
---------------+-------------------------------+-----
Fighting       | 3 4 5 6 7 8 9 |  9.0
Maces & Flails | 3 4 5 6 |  6.7
Translocations | 5 7 10 11 | 11.0
Dodging        | 3 |  3.4
Throwing       | |  1.0
Spellcasting   | |  2.4

Action                     |  1- 3 |  4- 6 |  7- 9 | 10-12 || total
---------------------------+-------+-------+-------+-------++-------
  Melee: Mace              |    20 |       |       |       ||    20
         Headbutt          |    14 |    24 |    72 |    28 ||   138
         Whip              |    78 |    90 |   359 |       ||   527
         Punch             |     2 |     7 |    31 |     3 ||    43
         Flail             |       |       |       |   174 ||   174
  Throw: Dart              |       |     3 |     3 |       ||     6
   Cast: Manifold Assault  |       |       |    26 |    34 ||    60
         Blink             |       |       |     1 |       ||     1
    Use: Scroll            |       |     2 |     4 |     2 ||     8
   Stab: Sleeping          |       |     1 |       |       ||     1
 Armour: Robe              |    57 |    59 |   191 |   188 ||   495
  Dodge: Dodged            |    35 |    39 |   136 |   136 ||   346
         Repelled          |       |       |       |     1 ||     1
  Block: Kite shield       |     6 |       |       |       ||     6

Levels and vault maps discovered:
D:1:      spicycebolla_green_bress_n_ham_2, layout_loops_cross, st_stairs_14
D:2:      layout_rooms, serial_shops, nicolae_shop_advertising_works
          [nicolae_subvault_shop_adworks]
D:3:      layout_loops_ring, mainiacjoe_overflow_concentric_impassable,
          nicolae_kite_square_tiling_tiny, feat_on_display, uniq_grinder
D:4:      layout_loops_ring, nicolae_yredelemnul_corpse_copse,
          tgw_kikubaaqudgha, elyvilon_altar_1, serial_undead, serial_undead_b,
          serial_undead_e, serial_undead_a, serial_undead_e, uniq_pikel
D:5:      layout_loops_corners, mainiacjoe_overflow_catwalk,
          kennysheep_little_box, gammafunk_ghost_split
D:6:      layout_basic, ebering_ghost_reflecting_pool, kennysheep_cross_room,
          minmay_hollow_rounded_squares
D:7:      layout_basic, kennysheep_mini, minmay_temple_entry_statues_pillars,
          nrook_uturn
D:8:      layout_loops_cross
D:9:      layout_roguey, serial_demonic, serial_demonic_c, serial_demonic_a,
          serial_demonic_g, serial_demonic_g, uniq_grum
Temple:   chequers_temple_sunken

Notes
Turn   | Place    | Note
-------+----------+-------------------------------------------
     0 | D:1      | zeratav the Oni Warper began the quest for the Orb.
     0 | D:1      | Reached XP level 1. HP: 22/22 MP: 3/3
     0 | D:1      | magus.rc [v1.9.6]
    40 | D:1      | Reached skill level 3 in Fighting
    98 | D:1      | Reached XP level 2. HP: 28/31 MP: 5/5
   101 | D:1      | Learned a level 2 spell: Blink
   413 | D:1      | Reached XP level 3. HP: 39/39 MP: 6/6
   588 | D:1      | Reached skill level 4 in Fighting
   647 | D:1      | Reached skill level 3 in Maces & Flails
   966 | D:2      | Reached XP level 4. HP: 49/49 MP: 7/7
  1000 | D:2      | You pick up a book of Misfortune and begin reading...
  1000 | D:2      | You add the spells Jinxbite, Yara's Violent Unravelling and
                  | Enfeeble to your library.
  1025 | D:2      | Found Yfaalul's Armour Boutique.
  1066 | D:2      | Bought a +0 cloak for 49 gold pieces
  1207 | D:2      | HP: 1/49 [gnoll/+0 halberd (15)]
  1781 | D:3      | Found a hide-covered altar of Uskayaw.
  1854 | D:3      | Noticed Grinder
  2054 | D:3      | Reached skill level 5 in Fighting
  2199 | D:3      | Reached XP level 5. HP: 50/57 MP: 8/8
  2291 | D:3      | Paralysed by Grinder for 4 turns
  2306 | D:3      | Killed Grinder
  2307 | D:3      | Reached skill level 6 in Fighting
  2307 | D:3      | Reached skill level 4 in Maces & Flails
  2307 | D:3      | Reached XP level 6. HP: 40/68 MP: 9/9
  2611 | D:4      | Reached skill level 5 in Maces & Flails
  2697 | D:4      | You add the spells Sting, Mercury Vapours and Olgreb's
                  | Toxic Radiance to your library.
  2733 | D:4      | Reached skill level 7 in Fighting
  2733 | D:4      | Reached XP level 7. HP: 73/78 MP: 10/10
  2950 | D:4      | You pick up a book of Winter and begin reading...
  2950 | D:4      | You add the spells Ozocubu's Armour, Metabolic Englaciation
                  | and Sculpt Simulacrum to your library.
  3222 | D:4      | Reached skill level 8 in Fighting
  3222 | D:4      | Reached skill level 6 in Maces & Flails
  3314 | D:4      | Reached skill level 3 in Translocations
  3347 | D:4      | Found a white marble altar of Elyvilon.
  3385 | D:4      | Found an ancient bone altar of Kikubaaqudgha.
  3385 | D:4      | Noticed a human
  3536 | D:4      | Noticed Pikel
  3568 | D:4      | HP: 18/80 [Pikel/+1 whip of freezing (4)]
  3569 | D:4      | Killed Pikel
  3570 | D:4      | Reached skill level 5 in Translocations
  3570 | D:4      | Reached XP level 8. HP: 20/88 MP: 11/11
  3871 | D:3      | Reached skill level 6 in Translocations
  3908 | D:4      | Learned a level 4 spell: Manifold Assault
  4068 | D:4      | Found a basalt altar of Yredelemnul.
  4202 | D:5      | Entered Level 5 of the Dungeon
  4202 | D:5      | Found a shimmering altar of Xom.
  4360 | D:5      | Found a hazy altar of Hepliaklqana.
  4506 | D:5      | Noticed PriceMaster's ghost (amateur OpFE)
  4668 | D:5      | Reached skill level 7 in Translocations
  4888 | D:5      | Found a runed translucent gate.
  4888 | D:5      | Found a runed translucent gate.
  4890 | D:5      | Found a runed translucent gate.
  4900 | D:5      | Noticed a troll
  4974 | D:5      | Reached XP level 9. HP: 75/96 MP: 12/12
  5448 | D:5      | Reached skill level 8 in Translocations
  5794 | D:6      | Found a large runed translucent door.
  5794 | D:6      | Found a large runed translucent door.
  5992 | D:6      | You add the spells Malign Gateway and Summon Horrible
                  | Things to your library.
  6014 | D:6      | Found a large runed translucent door.
  6014 | D:6      | Found a large runed translucent door.
  6068 | D:6      | Found a runed translucent door.
  6079 | D:6      | You pick up a book of Burglary and begin reading...
  6079 | D:6      | You add the spells Ensorcelled Hibernation, Swiftness and
                  | Passwall to your library.
  6100 | D:6      | You pick up a book of Misfortune and begin reading...
  6182 | D:6      | Reached skill level 9 in Translocations
  7237 | D:6      | Reached skill level 10 in Translocations
  7559 | D:6      | Noticed pokeman's ghost (novice DEHW)
  7901 | D:6      | HP: 22/92 [gnoll/+0 flail[a gnoll bouda] (10)]
  7903 | D:6      | HP: 2/92 [gnoll/+0 flail[a gnoll bouda] (11)]
  8368 | D:6      | Reached XP level 10. HP: 75/104 MP: 3/13
  9383 | D:7      | Paralysed by a hornet for 1 turns
  9387 | D:7      | Reached skill level 11 in Translocations
  9556 | D:7      | Found a shimmering blue altar of Sif Muna.
 10046 | D:7      | Found a staircase to the Ecumenical Temple.
 10055 | Temple   | Entered the Ecumenical Temple
 10061 | Temple   | Became a worshipper of the Shining One
 11361 | D:7      | Reached skill level 3 in Dodging
 11961 | D:8      | Reached skill level 9 in Fighting
 12650 | D:9      | Noticed Grum
 12659 | D:9      | HP: 22/107 [Grum/-2 spear (10)]
 12664 | D:9      | HP: 9/107 [wolf[Grum] (5)]
 12664 | D:9      | Slain by a wolf

Vanquished Creatures
  Pikel (D:4)
  A hornet (D:7)
  Grinder (D:3)
  2 yaks (D:6)
  An acid dragon (D:8)
  3 water moccasins
  An ice beast (D:5)
  3 black bears
  4 ogres
  3 centaurs
  2 phantoms
  2 kobold brigands
  4 bullfrogs (D:7)
  3 scorpions
  A water moccasin zombie (D:4)
  A wight (D:6)
  3 killer bees (D:7)
  4 howler monkeys (D:7)
  A bombardier beetle (D:6)
  2 centaur zombies (D:4)
  3 gnoll boudas
  3 hounds
  2 orc priests (D:5)
  A bullfrog skeleton (D:4)
  2 jellies (D:6)
  6 iguanas
  A sleepcap (D:6)
  An orc wizard (D:6)
  2 scorpion zombies (D:4)
  A hound zombie (D:4)
  A hound skeleton (D:4)
  21 gnolls
  4 adders
  3 adder zombies (D:4)
  2 adder skeletons (D:4)
  A ribbon worm (D:3)
  3 dart slugs
  14 orcs
  8 endoplasms
  2 giant cockroaches
  8 goblins
  7 hobgoblins
  9 jackals
  18 kobolds
  3 quokkas
  4 ball pythons
  4 bats
  3 frilled lizards (D:1)
  A quokka zombie (D:4)
  8 rats
189 creatures vanquished.

Vanquished Creatures (others)
  A gnoll (D:8)
1 creature vanquished.

Grand Total: 190 creatures vanquished

Table legend:
 A = Non-vault XP
 B = Vault XP
 C = Vault XP percentage of total XP
 D = Non-vault monster count
 E = Vault monster count
 F = Vault count percentage of total count
                 A         B        C        D         E       F
            +---------+---------+-------+---------+---------+-------
      Total |    4463 |    2298 |  34.0 |     161 |      28 |  14.8
            +---------+---------+-------+---------+---------+-------
        D:1 |      55 |       2 |   3.5 |      34 |       1 |   2.9
        D:2 |      83 |       0 |   0.0 |      17 |       0 |   0.0
        D:3 |      47 |     281 |  85.7 |      18 |       1 |   5.3
        D:4 |     447 |    1029 |  69.7 |      16 |      15 |  48.4
        D:5 |     675 |       0 |   0.0 |      14 |       0 |   0.0
        D:6 |    1120 |     986 |  46.8 |      26 |      11 |  29.7
        D:7 |    1608 |       0 |   0.0 |      31 |       0 |   0.0
        D:8 |     428 |       0 |   0.0 |       5 |       0 |   0.0
            +---------+---------+-------+---------+---------+-------

Skill      XL: |  1  2  3  4  5  6  7  8  9 10 |
---------------+-------------------------------+-----
Fighting       | 3 4 5 6 7 8 9 |  9.0
Maces & Flails | 3 4 5 6 |  6.7
Translocations | 5 7 10 11 | 11.0
Dodging        | 3 |  3.4
Throwing       | |  1.0
Spellcasting   | |  2.4

Action                     |  1- 3 |  4- 6 |  7- 9 | 10-12 || total
---------------------------+-------+-------+-------+-------++-------
  Melee: Mace              |    20 |       |       |       ||    20
         Headbutt          |    14 |    24 |    72 |    28 ||   138
         Whip              |    78 |    90 |   359 |       ||   527
         Punch             |     2 |     7 |    31 |     3 ||    43
         Flail             |       |       |       |   174 ||   174
  Throw: Dart              |       |     3 |     3 |       ||     6
   Cast: Manifold Assault  |       |       |    26 |    34 ||    60
         Blink             |       |       |     1 |       ||     1
    Use: Scroll            |       |     2 |     4 |     2 ||     8
   Stab: Sleeping          |       |     1 |       |       ||     1
 Armour: Robe              |    57 |    59 |   191 |   188 ||   495
  Dodge: Dodged            |    35 |    39 |   136 |   136 ||   346
         Repelled          |       |       |       |     1 ||     1
  Block: Kite shield       |     6 |       |       |       ||     6

Illustrated notes

Table legend:
 A = Kills in this place as a percentage of kills in the entire game.
 B = Kills by you in this place as a percentage of kills by you in the entire game.
 C = Kills by friends in this place as a percentage of kills by friends in the entire game.
 D = Other kills in this place as a percentage of other kills in the entire game.
 E = Experience gained in this place as a percentage of experience gained in the entire game.
 F = Experience gained in this place divided by the number of levels of this place that you have seen.
                   A       B       C       D       E      F
               +-------+-------+-------+-------+-------+----------------------
         Total | 100.0 | 100.0 |   N/A |   N/A | 100.0 | 676.1
       Dungeon | 100.0 | 100.0 |   N/A |   N/A | 100.0 | 751.2
               +-------+-------+-------+-------+-------+----------------------

Table legend: (Time is in decaauts)
 A = Elapsed time spent in this place.
 B = Non-inter-level travel time spent in this place.
 C = Inter-level travel time spent in this place.
 D = Time resting spent in this place.
 E = Time spent auto-exploring this place.
 F = Levels seen in this place.
 G = Mean time per level.
                   A        B        C        D        E       F      G
               +--------+--------+--------+--------+--------+-----+--------+
         Total |  12614 |  12209 |    405 |   4002 |   6274 |  10 | 1261.4 |
       Dungeon |  12601 |  12208 |    393 |   4002 |   6274 |   9 | 1400.1 |
        Temple |     12 |      1 |     11 |      0 |      0 |   1 |   12.0 |
               +--------+--------+--------+--------+--------+-----+--------+

Top non-repeatable levels by time:
     D:6: 3389 daAuts
     D:7: 2874 daAuts
     D:4: 1588 daAuts
     D:5: 1310 daAuts
     D:1: 1109 daAuts
     D:3: 860 daAuts
     D:8: 773 daAuts
     D:2: 639 daAuts
     D:9: 56 daAuts
  Temple: 12 daAuts
